[Event "*** Titled Tuesday Blitz"]
[Site "Chess.com"]
[Date "2020.04.14"]
[Round "3"]
[White "GMKrikor"]
[Black "Duhless"]
[Result "0-1"]
[WhiteElo "2708"]
[BlackElo "3085"]
[TimeControl "180+1"]
[EndTime "10:30:06 PDT"]
[Termination "Duhless won by resignation"]

1. Nf3 d5 2. c4 d4 3. b4 c5 4.
e3 Nf6 5. exd4 cxd4 6. c5 Bg4 7. Bc4 Nc6 8. O-O e6 9. h3 Bh5 10. Re1 Be7 11. a3 O-O 12. Bb2 Nd7 13. Qb3 Bf6 14.
Be2 d3 15. Bd1 a5 16. Nc3 b6 17. cxb6 Nxb6 18. Ne4 Bxb2 19. Qxb2 axb4 20. axb4 Rxa1 21.
Qxa1 Nxb4 22. Qb2 N6d5 23. Ng3 Bxf3 24. Bxf3 Qa5 25. Ra1 Qc7 26. Rc1 Qe7 27. Qb3 Rd8 28.
Bxd5 Nxd5 29. Qxd3 g6 30. Qf3 Nf6 31. Nf1 h5 32. g3 Rd5 33. h4 Kg7 34. Qe2 Qd6 35. Rd1 Rd3 36. Ne3 Qd4 37. Nc2 Qe4 38. Qxe4 Nxe4 39.
Ne1 Rxd2 40. Rxd2 Nxd2 41. Kg2 Kf6 42. Nc2 Nc4 43. Nd4 e5 44. Nc2 Ke6 45. Kf3 f6 46.
Ke2 Kd5 47. Nb4+ Kc5 48. Nd3+ Kd4 49. Nb4 Nd6 50. Nc6+ Kd5 51. Ne7+ Ke4 52. Nxg6 Nf5 53. Nf8 Nd4+ 54. Kf1 Kf5 55. Nd7 Nb3 56. Kg2 Ke6 57. Nb6 Nd2 58. Na4 f5 59. Nc3 f4 60. gxf4 exf4 61.
f3 Ke5 62. Nb5 Nc4 63. Nc3 Ne3+ 64. Kh3 Nc2 65. Ne4 Ne1 66. Ng5 Kd4 67. Kh2 Ke3 68. Kg1 Nxf3+ 69. Kg2 Nxh4+ 70. Kh3 Nf5 71. Nf7 f3 72. Ne5 f2 73. Kg2 Ke2 0-1

[Event "*** Titled Tuesday Blitz"]
[Site "Chess.com"]
[Date "2020.04.14"]
[Round "3"]
[White "Eltaj_Safarli"]
[Black "anon132639"]
[Result "0-1"]
[WhiteElo "3053"]
[BlackElo "2722"]
[TimeControl "180+1"]
[EndTime "10:30:06 PDT"]
[Termination "anon132639 won by resignation"]

1. e4 c5 2. Nc3 Nc6 3. Bb5 Nd4 4. Nf3 Nxb5 5. Nxb5 a6 6. Nc3 d6 7.
d4 cxd4 8. Qxd4 Nf6 9. Bg5 e6 10. O-O-O Be7 11. e5 dxe5 12. Qxe5 Qb6 13. Ne4 Nxe4 14.
Bxe7 Kxe7 15. Qxe4 f6 16. Qg4 Kf7 17. Qh5+ g6 18.
Qh4 e5 19. Rd2 Be6 20. Rhd1 Rac8 21. Kb1 h5 22. Rd6 Rc6 23. Rxc6 Qxc6 24. Qb4 Rc8 25. c3 Bd5 26. a3 Qc5 27. Ne1 Qxb4 28. axb4 Be4+ 29. Kc1 Ke7 30. f3 Bf5 31. Nd3 Bxd3 32. Rxd3 Rd8 33. Re3 Ke6 34. Kc2 h4 35. Re4 g5 36. Rc4 Rd7 37. Rc8 Kf5 38. Rc4 Rd6 39. g4+ hxg3 40. hxg3 b5 41. g4+ Ke6 42. Rc5 Ke7 43.
Rc7+ Ke6 44. Rc8 Kd5 45. Kd3 Ke6+ 46. Ke4 Rd2 47. Rc6+ Ke7 48. Rxa6 Rxb2 49. Kf5 Rf2 50. Ra7+ Kd6 51. Kxf6 Rxf3+ 52. Kxg5 Rxc3 53. Kf5 Rf3+ 54. Kg6 e4 55. Ra1 e3 56. g5 Kd5 57. Kh7 Ke4 58. g6 Rh3+ 59. Kg7 Kd3 60. Rd1+ Ke2 61. Rd5 Kf2 62. Rxb5 e2 63. Rf5+ Rf3 64. Re5 Re3 65.
Rxe3 Kxe3 66. Kf8 e1=Q 67. g7 Qxb4+ 68. Kf7 Qf4+ 69. Kg6 Qg4+ 70. Kh7 Qh5+ 71. Kg8 Ke4 72. Kf8 Qf5+ 73. Ke7 Qg5+ 74. Kf7 Qf5+ 75. Ke7 Qg6 76.
Kf8 Qf6+ 77. Kg8 Kf5 0-1

[Event "*** Titled Tuesday Blitz"]
[Site "Chess.com"]
[Date "2020.04.14"]
[Round "3"]
[White "BakaPG"]
[Black "awesomevishesh"]
[Result "0-1"]
[WhiteElo "2719"]
[BlackElo "2537"]
[TimeControl "180+1"]
[EndTime "10:30:07 PDT"]
[Termination "awesomevishesh won by resignation"]

1. e4 c5 2. Nf3 d6 3. d4 cxd4 4. Nxd4 Nf6 5. Nc3 a6 6. h3 e5 7. Nb3 Be6 8. g4 h6 9. Bg2 Be7 10. O-O Nbd7 11. a4 Rc8 12. a5 Qc7 13. Be3 O-O 14.
f4 exf4 15. Bxf4 Ne5 16. Nd4 Nfd7 17. Nf5 Rfe8 18. Rf2 Bf8 19. Nd5 Bxd5 20. Qxd5 Nf6 21. Qb3 Nc4 22. Re1 Nxa5 23. Qg3 Nc4 24. g5 Nh5 25. Qh4 Nxf4 26. Rxf4 hxg5 27. Qxg5 Qc5+ 28. Kh1 g6 29. Rh4 Qe5 30. b3 Na3 31. c4 b5 32. Rf1 bxc4 33. bxc4 Nxc4 34. Qg4 a5 35. Rd1 a4 36. Rd5 Qa1+ 37. Kh2 a3 38. e5 Rxe5 39. Nh6+ Bxh6 40. Qxc8+ Kg7 41. Qxc4 a2 42. Rxh6 Rxd5 43. Qxd5 Qe5+ 44. Qxe5+ dxe5 45. Rh4 a1=Q 46. Re4 Qc3 47. Re2 f5 48. Kg1 e4 49. Kf2 Kf6 50. Re3 Qd4 51. Ke2 Qc4+ 52. Kf2 Ke5 53. Re2 Qd4+ 54. Kf1 Qc3 55.
Kf2 Qd3 56. Kf1 f4 57. Bxe4 Qxe4 58. Rxe4+ Kxe4 59. Kf2 g5 60. Ke2 f3+ 61. Kf1 Ke3 62.
Ke1 Ke4 63. Kf1 Kf5 64. Ke1 Kf4 65. Kf1 Ke4 66. Kf2 Kf4 67. Kg1 Kg3 68. Kf1 Kxh3 69.
Kf2 g4 70. Kg1 g3 71. Kh1 Kh4 72. Kg1 Kg4 73. Kh1 f2 74. Kg2 Kf4 75. Kf1 Ke3 76. Kg2 Ke2 0-1

[Event "*** Titled Tuesday Blitz"]
[Site "Chess.com"]
[Date "2020.04.14"]
[Round "3"]
[White "KarstenHansch"]
[Black "vinniethepooh"]
[Result "1-0"]
[WhiteElo "2426"]
[BlackElo "2622"]
[TimeControl "180+1"]
[EndTime "10:30:08 PDT"]
[Termination "KarstenHansch won by resignation"]

1. e4 c5 2. Nf3 d6 3. Bb5+ Nd7 4. O-O a6 5. Bd3 Ngf6 6. c3 b5 7. Bc2 Bb7 8. Qe2 c4 9. b3 Rc8 10. a4 Qc7 11. axb5 axb5 12. bxc4 bxc4 13. Na3 e5 14.
Rb1 Ba8 15. Nb5 Qa5 16. Ba3 Qa6 17. d3 Be7 18. dxc4 O-O 19. Rfd1 Rc6 20. Ra1 Qb6 21. Bb4 Bb7 22. Na7 Rc7 23. Ba5 Qxa7 24. Bxc7 Qc5 25. Ba5 Rc8 26. Bb4 Qxc4 27. Bd3 Qc7 28. Ra7 Qb6 29. Ra2 Nc5 30. Bxc5 Qxc5 31. c4 h6 32. Rb1 Bc6 33. Rab2 Bd7 34. Rb8 Kh7 35. Rxc8 Bxc8 36. Qe3 Qc6 37. h3 Be6 38. Rb6 Qc8 39. g4 Nd7 40. Rb1 Nc5 41. Bc2 Qa6 42. g5 Bxh3 43. gxh6 gxh6 44. Kh2 Be6 45. Rg1 Qc8 46. Rg3 Qf8 47. Bd3 Nd7 48. Be2 Nc5 49. Ng1 f5 50. exf5 Qxf5 51. Bg4 Qxg4 52. Rxg4 Bxg4 53. f3 Be6 54. f4 Bf6 55. Nf3 Bxc4 56. fxe5 Bxe5+ 57. Nxe5 dxe5 58. Qxe5 Nd3 59. Qe4+ Kg7 60. Qxc4 Ne5 61. Qd4 Kf6 62. Qd6+ Kf5 63. Kh3 Ng6 64. Qd5+ Kf6 65. Kg4 h5+ 66. Qxh5 Ne5+ 67. Kf4 Ng6+ 68. Ke4 1-0

[Event "*** Titled Tuesday Blitz"]
[Site "Chess.com"]
[Date "2020.04.14"]
[Round "3"]
[White "Vusatiuk_Vladimir"]
[Black "StegariuVlad"]
[Result "0-1"]
[WhiteElo "2372"]
[BlackElo "2594"]
[TimeControl "180+1"]
[EndTime "10:30:09 PDT"]
[Termination "StegariuVlad won by checkmate"]

1. e4 e5 2. Nf3 Nc6 3. d4 exd4 4.
Nxd4 Nf6 5. Nxc6 bxc6 6. e5 Qe7 7. Qe2 Nd5 8. h4 Qe6 9. Nd2 a5 10. g3 Ba6 11. c4 Nb4 12. Bh3 f5 13. O-O Nc2 14. Rb1 Nd4 15. Qd3 Bc5 16. b3 O-O 17. Ne4 Ba7 18. Bf4 Qg6 19. Nc3 Ne6 20. Ne2 Rad8 21.
Kh2 Qh5 22. Rbd1 h6 23. Be3 Bxe3 24. Qxe3 f4 25. Qe4 f3 26. Bxe6+ dxe6 27. Nf4 Qg4 28. Rxd8 Rxd8 29. Qxc6 Bc8 30. Qxc7 Rf8 31. Qc6 Rxf4 32.
Qxc8+ Kh7 33. Qd8 Rf5 34. Rd1 Qe4 35. Qd4 Qe2 36. Qd2 Rxe5 37. Qxe2 Rxe2 38. Kg1 Rxa2 39. Rc1 Rd2 40. c5 Rd7 41. Rc3 Rc7 42. Kf1 Kg6 43.
Ke1 Kf5 44. Kd2 Ke4 45. Rc4+ Kd5 46. Ke3 Rxc5 47. Rd4+ Ke5 48. Re4+ Kd6 49. Kxf3 Rc3+ 50. Re3 Rxe3+ 51. Kxe3 Kc5 52. Kd3 Kb4 53. Kc2 e5 54. Kb2 e4 55. Kc2 g6 56. Kb2 Kc5 57. Kc3 Kd5 58. Kc2 Kd4 59. Kd2 Kd5 60. Ke3 Ke5 61.
g4 Kd5 62. Ke2 Ke5 63. Ke3 g5 64. hxg5 hxg5 65. f3 exf3 66. Kxf3 Kd4 67. Kg3 Ke4 68.
Kg2 Kf4 69. Kh3 Kf3 70. Kh2 Kxg4 71. Kg2 Kf4 72. Kf2 g4 73. Kg2 g3 74. Kg1 Kg4 75. Kg2 Kf4 76. Kg1 Kf3 77. Kf1 g2+ 78. Kg1 Kg3 79.
b4 a4 80. b5 a3 81. b6 a2 82. b7 a1=R# 0-1

[Event "*** Titled Tuesday Blitz"]
[Site "Chess.com"]
[Date "2020.04.14"]
[Round "3"]
[White "JakubPulpan"]
[Black "Tonychess32"]
[Result "1-0"]
[WhiteElo "2765"]
[BlackElo "2547"]
[TimeControl "180+1"]
[EndTime "10:30:13 PDT"]
[Termination "JakubPulpan won on time"]

1. e4 c5 2. Nf3 d6 3. d4 cxd4 4.
Nxd4 Nf6 5. Nc3 a6 6. Nb3 e5 7. Bg5 Be7 8. Bxf6 Bxf6 9. Nd5 O-O 10. Be2 Be6 11. O-O Bg5 12. c3 Nc6 13. a4 Kh8 14.
Bf3 Ne7 15. c4 f5 16. Nxe7 Qxe7 17. exf5 Bxf5 18. Bd5 Rae8 19. Na5 b6 20. Nc6 Qf6 21. a5 bxa5 22. Rxa5 e4 23. Rxa6 Qxb2 24. Qa1 Qe2 25.
Nd4 Qh5 26. Nxf5 Rxf5 27. Ra8 e3 28. Rxe8+ Qxe8 29. fxe3 Bxe3+ 30. Kh1 Rxf1+ 31. Qxf1 Bc5 32. g3 Bd4 33. Kg2 Bf6 34. Qd3 Qb8 35. Qf5 Qd8 36. h4 g6 37. Qe6 Qf8 38. Kh3 Be5 39. Kg2 Kg7 40. Qd7+ Kh8 41. Bf3 Qb8 42. Kh3 Qf8 43.
Be4 Qb8 44. Kg2 Qf8 45. Bf3 Qf6 46. Qe8+ Kg7 47. Qd7+ Qf7 48. Qc6 Qe7 49. Qe4 Qc7 50. Bg4 Qe7 51. Be2 Qf6 52. Bf3 Qf7 53. Be2 Qa7 54.
Kh3 Qd7+ 55. Bg4 Qa7 56. h5 Qf7 57. hxg6 hxg6 58. c5 Qe7 59. c6 Qc7 60. Be2 Kf6 61.
Bd3 Qc8+ 62. Kg2 Qe8 63. c7 d5 64. Qf3+ Ke6 65. Qg4+ Kd6 66. c8=Q Qa4 67. Qce6+ Kc5 68.
Qxa4 1-0

[Event "*** Titled Tuesday Blitz"]
[Site "Chess.com"]
[Date "2020.04.14"]
[Round "3"]
[White "suyu28"]
[Black "Bulldog167"]
[Result "0-1"]
[WhiteElo "2534"]
[BlackElo "2750"]
[TimeControl "180+1"]
[EndTime "10:30:16 PDT"]
[Termination "Bulldog167 won by resignation"]

1. d4 Nf6 2. c4 e6 3. Nc3 d5 4.
cxd5 exd5 5. Bg5 c6 6. e3 Be7 7. Bd3 Nbd7 8. Nge2 Nh5 9. Bxe7 Qxe7 10. g4 Nhf6 11.
Ng3 g6 12. g5 Ng8 13. h4 h6 14. gxh6 Nxh6 15. h5 g5 16. Qc2 Nf6 17. O-O-O Bg4 18.
Rde1 O-O-O 19. e4 dxe4 20. Ngxe4 Nxe4 21. Bxe4 Qc7 22. d5 f5 23. Bg2 cxd5 24. Bxd5 Kb8 25.
Qb3 f4 26. Kb1 Bc8 27. Ka1 Ng4 28.
Re2 Nf6 29. Bf7 Bg4 30. Ree1 Bxh5 31. Bxh5 Rxh5 32. Rxh5 Nxh5 33. Qb5 Qg7 34. Re8 Qd4 35. a4 a6 36. Rxd8+ Qxd8 37. Qe5+ Ka8 38. Nd5 Ka7 39.
Qd4+ Kb8 40. Qe5+ Ka8 41. Nc7+ Ka7 42. Nd5 Ng7 43. Qd4+ Kb8 44. Qe5+ Ka8 45. Nc7+ Ka7 46. Qxg7 Qd1+ 47. Ka2 Qxa4+ 48. Kb1 Qe4+ 49. Ka2 Qa4+ 50.
Kb1 Qe4+ 51. Ka2 Qc4+ 52. Ka1 Qf1+ 53. Ka2 Qxf2 54. Nd5 Qc5 55. Qxg5 f3 56. Qf5 f2 57. b3 Qa5+ 58. Kb2 Qd2+ 59. Ka3 Qc1+ 60. Kb4 f1=Q 61. Qe4 Qfe1+ 62. Qxe1 Qxe1+ 63. Kc5 Qh4 64. Kd6 Qf2 65. Nc7 Qf3 66. Nd5 Qxb3 67. Ne7 a5 68.
Kc7 Qc4+ 69. Kd7 a4 70. Nf5 Qd5+ 71. Nd6 a3 72. Kc7 Qxd6+ 73. Kxd6 a2 74. Kc7 a1=Q 75. Kc8 Qc1+ 76. Kd8 b5 77. Ke8 Qc7 78. Kf8 b4 0-1

[Event "*** Titled Tuesday Blitz"]
[Site "Chess.com"]
[Date "2020.04.14"]
[Round "3"]
[White "mbachez"]
[Black "XDPS"]
[Result "1/2-1/2"]
[WhiteElo "2493"]
[BlackElo "2732"]
[TimeControl "180+1"]
[EndTime "10:30:16 PDT"]
[Termination "Game drawn - insufficient material"]

1. e4 e5 2. Nf3 Nc6 3. Bb5 a6 4. Ba4 d6 5. O-O Bd7 6. Re1 g6 7. c3 Bg7 8. d4 Nf6 9. Bg5 h6 10. Bh4 Qe7 11. Nbd2 b5 12. Bb3 O-O 13. a4 Kh7 14. a5 Rae8 15. Bd5 Nb8 16. dxe5 dxe5 17. Nf1 c6 18. Ba2 Qc5 19. Qd2 Bg4 20. b4 Qa7 21. Qe3 Qxe3 22. Nxe3 Bc8 23. Nd2 Rd8 24. Rad1 Rd3 25. Bxf6 Bxf6 26. Nb1 Rxd1 27. Rxd1 Be7 28. Kf1 Kg7 29. Ke2 Nd7 30. Nd2 Nf6 31. f3 h5 32. Nb3 h4 33. Rd2 Nh5 34. Kf2 f5 35. exf5 gxf5 36. Nc5 Nf4 37. g3 hxg3+ 38. hxg3 Nh3+ 39.
Ke2 Ng5 40. f4 exf4 41. gxf4 Ne4 42. Nxe4 fxe4 43. f5 Bg5 44. Rd4 Re8 45. Be6 Bxe6 46. fxe6 Rxe6 47. Nf5+ Kf6 48. Nd6 e3 49. Ne4+ Kf5 50.
Nc5 Re7 51. Nxa6 Bf6 52. Rd3 Kf4 53. Nc5 Rh7 54. Rxe3 Rh2+ 55. Kd3 Rh1 56. Re4+ Kf5 57. Re2 Ra1 58. Rf2+ Kg6 59. Nd7 Bg7 60. Nc5 Ra3 61.
Rc2 Kf5 62. Rf2+ Kg6 63. Rc2 Be5 64. Nd7 Bd6 65. Kd4 Kf5 66. Nc5 Be5+ 67. Kd3 Bd6 68.
Rf2+ Ke5 69. Nb7 Bxb4 70. Re2+ Kd5 71. Rc2 Bxa5 72. Nxa5 Rxa5 73. Rh2 Ra3 74. Rh5+ Kd6 75. Kd4 Ra4+ 76. Kd3 Ra3 77. Kd4 Ra1 78. Rh6+ Kd7 79. Kc5 Rc1 80. Rd6+ Ke7 81. Rxc6 Rxc3+ 82. Kxb5 Rxc6 83.
Kxc6 1/2-1/2

[Event "*** Titled Tuesday Blitz"]
[Site "Chess.com"]
[Date "2020.04.14"]
[Round "3"]
[White "KoustavChatterjee1"]
[Black "Lupul_Cenusiu"]
[Result "1/2-1/2"]
[WhiteElo "2721"]
[BlackElo "2484"]
[TimeControl "180+1"]
[EndTime "10:30:17 PDT"]
[Termination "Game drawn - insufficient material"]

1. d4 Nf6 2. Nf3 e6 3. g3 c5 4. c4 d5 5. cxd5 exd5 6. Bg2 h6 7. O-O Nc6 8. Nc3 Be7 9. b3 O-O 10. Bb2 Re8 11. Rc1 cxd4 12. Nxd4 Bg4 13. h3 Bh5 14. Nf5 Bf8 15. g4 Bg6 16. Nh4 Bh7 17.
e3 a6 18. Nf3 Rc8 19. g5 hxg5 20. Nxg5 d4 21. exd4 Nxd4 22. Nxh7 Nxh7 23. Bxb7 Qg5+ 24. Qg4 Qxg4+ 25. hxg4 Rcd8 26. Rfe1 Ng5 27. Kg2 a5 28. Na4 Nge6 29. Re4 g5 30. Rd1 Bg7 31. Bxd4 Nxd4 32. Rxe8+ Rxe8 33. Nc5 Re2 34. a4 Rb2 35. Bd5 Ne2 36.
Nd3 Rc2 37. Kf3 Nc3 38. Bxf7+ Kxf7 39. Re1 Bf6 40. Ne5+ Kg7 41. Nc6 Nd5 42. Nxa5 Nf4 43. Nc4 Bd4 44. Ke4 Bxf2 45. Rd1 Kf6 46. Rd6+ Ne6 47.
Kd5 Re2 48. a5 Bg3 49. Rb6 Ke7 50. Rb7+ Kd8 51. Rh7 Nc7+ 52. Kc6 Re6+ 53. Kb7 Nb5 54. Nb6 Bf2 55. Rd7+ Ke8 56. Rd5 Nd6+ 57. Kb8 Bg3 58. Ka7 Re7+ 59. Ka6 Re6 60. Ka7 Re7+ 61. Ka8 Kf7 62.
b4 Re8+ 63. Ka7 Re7+ 64. Ka6 Re6 65. Ka7 Re7+ 66. Ka6 Re6 67. b5 Bf2 68. Ka7 Nc4 69. Rf5+ Rf6 70. Rxf2 Rxf2 71. Nxc4 Rf4 72. Nd6+ Ke6 73.
Nc8 Rxg4 74. b6 Rb4 75. b7 Rxb7+ 76. Kxb7 g4 77. a6 g3 78. a7 g2 79. a8=Q g1=Q 80. Qa6+ Ke5 81. Qd6+ Ke4 82. Qe6+ Kf3 83. Qf5+ Kg2 84. Qe4+ Kf1 85. Nd6 Qg2 86. Qxg2+ Kxg2 1/2-1/2

[Event "*** Titled Tuesday Blitz"]
[Site "Chess.com"]
[Date "2020.04.14"]
[Round "3"]
[White "AnishGiri"]
[Black "Angel_Hranitel_37"]
[Result "1-0"]
[WhiteElo "3018"]
[BlackElo "2374"]
[TimeControl "180+1"]
[EndTime "10:30:24 PDT"]
[Termination "AnishGiri won by resignation"]

1. d4 Nf6 2. c4 g6 3. Nc3 Bg7 4. e4 d6 5. Nf3 O-O 6. Be2 e5 7. O-O Nc6 8. d5 Ne7 9. b4 Nh5 10. Re1 f5 11. a4 Nf6 12. a5 Nxe4 13. Nxe4 fxe4 14. Ng5 e3 15. Bxe3 Nf5 16. Bd2 Bh6 17. Qc1 Nd4 18. Bd1 Rb8 19. Ra3 b5 20. axb6 axb6 21.
b5 Bf5 22. h4 Qd7 23. Rg3 Ra8 24. h5 Bxg5 25. Bxg5 Ra2 26. Bh6 Rfa8 27. Qg5 Qd8 28. Qe3 Nc2 29. Bxc2 Rxc2 30. hxg6 hxg6 31. Bg5 Qf8 32.
Rc1 Raa2 33. Rf3 Re2 34. Qc3 Qc8 35. Be3 Kg7 36. Rg3 Qh8 37. Ra1 Rec2 38. Qe1 Re2 39. Qd1 Qh4 40. Rxa2 Rxa2 41. Qe1 Qxc4 42. Bg5 Rc2 43.
Ra3 Qxd5 44. Ra7 Qxb5 45. Qe3 Qe8 46. Qxb6 Qc6 47. Qb8 Bh3 48. gxh3 Qc3 49. Qb1 Re2 50. Qf1 Re1 51. Rxc7+ Qxc7 52. Qxe1 Qd7 53. Qe3 Qf5 54. Bh4 Kf7 55. Kh2 Ke6 56. Bg3 Qb1 57. Qg5 Qc2 58. Qd8 Qf5 59. Qg8+ Kf6 60. Bh4+ g5 61. Qd8+ Kg6 62.
Qxd6+ Kh5 63. Bg3 e4 64. Qe5 Qf3 65. Qh8+ Kg6 66. Qe8+ Kh6 67. Qe6+ Kh5 68. Qg4+ Qxg4 69. hxg4+ Kxg4 70. Kg2 Kf5 71. Kf1 Kg4 72. Ke2 Kh3 73.
Ke3 g4 74. Kxe4 Kg2 75. Kf4 1-0

[Event "*** Titled Tuesday Blitz"]
[Site "Chess.com"]
[Date "2020.04.14"]
[Round "3"]
[White "Megagigahiper3345"]
[Black "mapebo94"]
[Result "1/2-1/2"]
[WhiteElo "2492"]
[BlackElo "1852"]
[TimeControl "180+1"]
[EndTime "10:30:24 PDT"]
[Termination "Game drawn by repetition"]

1. d4 e6 2. c4 d5 3. Nf3 Nf6 4.
Nc3 Be7 5. Bg5 O-O 6. e3 b6 7. cxd5 exd5 8. Bxf6 Bxf6 9. Bd3 Bb7 10. O-O g6 11. Ne5 Bg7 12. f4 Nc6 13. Rc1 Ne7 14. h4 f6 15. Nf3 Bc8 16. h5 gxh5 17. Nh4 Bg4 18. Qc2 f5 19. g3 Qd7 20. Qb3 c6 21.
Kf2 Rac8 22. Qa3 Ng6 23. Ng2 Rfe8 24. Rh1 Re7 25. Qa4 Rce8 26. Ne2 Re6 27. Ng1 Qe7 28. Re1 b5 29. Qc2 Bxd4 30. Bxf5 Bxe3+ 31. Nxe3 Rxe3 32. Bxg6 Rxe1 33. Bxe8 Qe3+ 34. Kg2 Qxe8 35. Rh2 Qe4+ 36.
Qxe4 dxe4 37. Kf2 Rb1 38. Rh4 Rxb2+ 39. Ke3 Bf5 40. Nh3 Bxh3 41. Rxh3 Rxa2 42. Rxh5 Ra3+ 43. Kxe4 Rxg3 44. Rc5 Rg6 45. f5 Rf6 46. Ke5 Kf7 47.
Rc2 Rh6 48. Rd2 Ke7 49. Rg2 Rf6 50. Rg7+ Rf7 51. f6+ Kf8 52. Rg2 a5 53. Rd2 Rc7 54. Ke6 Rc8 55. f7 c5 56. Rg2 Rc6+ 57. Kd5 Rf6 58. Kxc5 Kxf7 59. Kxb5 Rf5+ 60. Ka4 h5 61. Rh2 Kf6 62. Rh3 Kg5 63. Rh1 Kg4 64. Rg1+ Kf3 65.
Rf1+ Kg4 66. Rg1+ Kf4 67. Rf1+ Ke4 68. Re1+ Kf4 69. Rf1+ Kg5 70. Rg1+ Kf6 71. Rh1 Kg6 72. Rg1+ Rg5 73. Rh1 Rg4+ 74. Kxa5 Kg5 75. Kb5 h4 76.
Kc5 Re4 77. Kd5 Re8 78. Rg1+ Kf4 79. Rf1+ Kg3 80. Rf7 h3 81. Kd4 h2 82. Rg7+ Kf2 83. Rf7+ Kg1 84. Rg7+ Kf1 85. Rf7+ Kg2 86. Rg7+ Kf3 87.
Rf7+ Kg3 88. Rg7+ Kf4 89. Rf7+ Kg4 90. Rg7+ Kf3 91. Rf7+ Kg2 92. Rg7+ Kh3 93. Rh7+ Kg2 94. Rg7+ 1/2-1/2

[Event "*** Titled Tuesday Blitz"]
[Site "Chess.com"]
[Date "2020.04.14"]
[Round "3"]
[White "joppie2"]
[Black "krzyzan94"]
[Result "0-1"]
[WhiteElo "2927"]
[BlackElo "2693"]
[TimeControl "180+1"]
[EndTime "10:30:25 PDT"]
[Termination "krzyzan94 won by resignation"]

1. e4 e5 2. Nf3 Nc6 3. Bc4 Nf6 4.
O-O Nxe4 5. Qe2 d5 6. Bb5 Bd6 7. c4 Be6 8. b4 O-O 9. Bxc6 bxc6 10. c5 Be7 11. d3 Nf6 12. Nxe5 Bd7 13. d4 a5 14.
bxa5 Rxa5 15. a4 Re8 16. Bd2 Ra8 17. Nc3 Bf8 18. Rfe1 Bc8 19. Qf3 Re6 20. Bg5 Qe8 21.
Bxf6 Rxf6 22. Qg3 Re6 23. Nd3 Rxe1+ 24. Rxe1 Qd7 25. h3 g6 26. Ne5 Qe6 27. Nf3 Qd7 28. Ne5 Qe6 29. Re3 Bg7 30. Nf3 Qd7 31. Qf4 Ba6 32.
Ne5 Qe6 33. Nd3 Qd7 34. Nb4 Bc4 35. Nc2 Rb8 36. Re1 h5 37. Qe3 Bf6 38. Na3 Ba6 39. Qf4 Kg7 40. Nc2 Rb3 41. Qd2 Qf5 42.
Ne3 Qd3 43. Qxd3 Bxd3 44. Na2 Bxd4 45. Nc1 Ra3 46. Rd1 Bxe3 47. Nxd3 Bd4 48. Nb4 Bxc5 49. Nxc6 Rxa4 50. g3 d4 51. Kg2 Kf6 52. f4 Ke6 53. Ne5 Kd5 54. Nxf7 Ra2+ 55. Kf3 Ra3+ 56. Kg2 Bb4 57.
Ne5 c5 58. Nxg6 c4 59. f5 c3 60. Nf4+ Kc4 61. f6 c2 62. Rc1 d3 63. f7 Kc3 64.
Nd5+ Kd2 65. Nxb4 Ra8 66. Nxd3 Kxd3 67. g4 hxg4 68. hxg4 Rf8 69. Kg3 Rxf7 70. g5 Kd2 71. Ra1 Ra7 72. Rf1 Ra4 73. Rf2+ Kd3 74. Rf3+ Ke2 75. Rf2+ Kd1 76. Rf1+ Ke2 77. Rf2+ Kd3 78. Rf3+ Kc4 79. Rf1 Kb3 80. g6 Ra6 81. g7 Rg6+ 82. Kf4 Rxg7 83. Ke3 Kb2 84. Rh1 c1=Q+ 0-1

[Event "*** Titled Tuesday Blitz"]
[Site "Chess.com"]
[Date "2020.04.14"]
[Round "3"]
[White "benko_008"]
[Black "vovachesss"]
[Result "1-0"]
[WhiteElo "2422"]
[BlackElo "2596"]
[TimeControl "180+1"]
[EndTime "10:30:25 PDT"]
[Termination "benko_008 won by checkmate"]

1. Nf3 Nc6 2. d4 d5 3. c4 e6 4. Nc3 Nf6 5. Bg5 Be7 6. e3 O-O 7. Rc1 dxc4 8. Bxc4 a6 9. O-O b5 10. Bd3 Bb7 11. Bb1 h6 12. Bxf6 Bxf6 13. Ne4 Rc8 14. Rxc6 Bxc6 15. Nxf6+ Qxf6 16. Qc2 Qf5 17. Qxc6 Qd5 18.
Rc1 Rfd8 19. Ne5 Rd6 20. Qxd5 Rxd5 21. Nc6 Kf8 22. b4 f5 23. Kf1 Ke8 24. a3 Kd7 25. Ne5+ Ke7 26. h4 c6 27. Ke2 Rd6 28. Bd3 Rc7 29.
h5 Kd8 30. Kd2 Kc8 31. Rh1 Kb7 32. Rh3 Rd8 33. Rg3 a5 34. Rg6 Re7 35. Be2 axb4 36.
axb4 Ra8 37. Bf3 Ra2+ 38. Kc3 Rxf2 39. Nd3 Ra2 40. Nc5+ Kb6 41. Rxe6 Rxe6 42. Nxe6 Ra3+ 43. Kd2 Rb3 44. Nxg7 f4 45. exf4 Rxb4 46. Kc3 Rc4+ 47.
Kd3 c5 48. Ne6 cxd4 49. Nxd4 Kc5 50. Ne2 b4 51. g4 b3 52. Nc3 b2 53. Be4 Rd4+ 54. Ke3 Kc4 55. Nb1 Rd1 56. g5 hxg5 57. fxg5 Rg1 58. Kf4 Kb3 59. h6 Ka2 60. Nc3+ Kb3 61. Nb1 Ka2 62. Nd2 Rd1 63. Nc4 Rd4 64. Nxb2 Kxb2 65. h7 Rd8 66. g6 Kc3 67. Kg5 Kd4 68. g7 Kxe4 69. g8=Q Rd5+ 70. Kg6 Rd3 71. Kf7 Rf3+ 72. Ke7 Re3 73. Qg4+ Kd5+ 74. Kf7 Re1 75. Kg6 Rf1 76. Qf5+ Kd6 77. Qxf1 Ke7 78. Qf2 Ke8 79. Qg3 Ke7 80. h8=Q Ke6 81. Qge5+ Kd7 82. Qhf6 Kc8 83. Qee7 Kb8 84. Qff8# 1-0

[Event "*** Titled Tuesday Blitz"]
[Site "Chess.com"]
[Date "2020.04.14"]
[Round "3"]
[White "HarryCun"]
[Black "Galileo22"]
[Result "0-1"]
[WhiteElo "2115"]
[BlackElo "2334"]
[TimeControl "180+1"]
[EndTime "10:30:28 PDT"]
[Termination "Galileo22 won on time"]

1. Nf3 d5 2. g3 Nf6 3. Bg2 e6 4. O-O Be7 5. d3 O-O 6. Nbd2 c5 7. e4 Nc6 8. e5 Nd7 9. Re1 b5 10. c3 a5 11. d4 b4 12. h3 Ba6 13. g4 Qc7 14. Nb3 bxc3 15. bxc3 a4 16. Nxc5 Nxc5 17. dxc5 Bxc5 18. Qxa4 Bc4 19. Qc2 Ra7 20. Bf4 Rfa8 21.
a4 Na5 22. Ng5 g6 23. Reb1 Ra6 24. h4 Qa7 25. h5 Qd7 26. hxg6 hxg6 27. Bf3 Kf8 28.
Kg2 Ke8 29. Rh1 Kd8 30. Rh7 R8a7 31. Nxf7+ Qxf7 32. Rxf7 Rxf7 33. Qxg6 Rc7 34. Bg5+ Kc8 35. Qxe6+ Rxe6 36. Bf4 Nb3 37. Rh1 Ra6 38. Rh8+ Kb7 39.
g5 Rxa4 40. g6 Ra2 41. Rh7 Nd2 42. Rxc7+ Kxc7 43. g7 Nxf3 44. g8=Q Rxf2+ 45. Kg3 Kc6 46. Qe6+ Kb5 47. Qd7+ Ka5 48. Qc7+ Bb6 49. Qd6 Rf1 50. Qa3+ Kb5 51. Qb2+ Ka6 52. Kh3 Rh1+ 53. Kg2 Rf1 54. Qa3+ Kb7 55. Qe7+ Ka6 56. Qa3+ Ba5 57. e6 Ne1+ 58.
Kh2 Rf2+ 59. Kg3 Rf3+ 60. Kh2 Rxf4 61. Kg3 Re4 62. Kh2 Kb5 63. Qd6 Bb6 64. e7 Nf3+ 65.
Kg2 Ne1+ 66. Kh2 Nd3 67. Kh3 Re3+ 68. Kg4 Re4+ 69. Kh5 Nc5 70. Qd7+ Nxd7 71. e8=Q Rxe8 72. Kg5 Re5+ 73. Kf4 Re3 74. Kf5 Rxc3 75. Kf4 Re3 76.
Kg4 Nc5 77. Kf4 d4 78. Kg4 d3 79. Kf4 Nb3 80. Kf5 d2 81. Kg4 d1=Q+ 82. Kg5 Qf3 83. Kh4 Re2 84. Kg5 Rg2+ 85. Kh4 Qg3+ 0-1

[Event "*** Titled Tuesday Blitz"]
[Site "Chess.com"]
[Date "2020.04.14"]
[Round "3"]
[White "Budisavljevic"]
[Black "EndgameGrinder"]
[Result "0-1"]
[WhiteElo "2405"]
[BlackElo "2681"]
[TimeControl "180+1"]
[EndTime "10:30:30 PDT"]
[Termination "EndgameGrinder won on time"]

1. d4 d5 2. Bf4 c5 3. e3 Nc6 4. c3 Qb6 5. Qb3 c4 6. Qc2 Bf5 7. Qxf5 Qxb2 8. Qxd5 Qxa1 9. Qb5 O-O-O 10. Bxc4 e5 11. Ne2 exf4 12. O-O a6 13. Qb6 Rd6 14. Nd2 Nxd4 15. Qc5+ Kb8 16. Rxa1 Nxe2+ 17. Bxe2 Nf6 18. Qe5 Ka8 19. Nc4 Re6 20. Qxf4 Bc5 21. Rd1 Rb8 22. Bf3 Ka7 23. Qg5 Bf8 24. Qa5 Rc8 25. Qa4 b5 26. Qa5 Rxc4 27. Qd8 Be7 28. Qa8+ Kb6 29.
Qb7+ Ka5 30. a4 Rxc3 31. axb5 axb5 32. Be2 Rc5 33. Ra1+ Kb4 34. Rb1+ Kc3 35. Rxb5 Rxb5 36. Qxb5 Ne4 37. Qc4+ Kb2 38. Bd3 Ka3 39. Qc2 Nd6 40.
Qc3+ Ka4 41. Bc2+ Kb5 42. Bd3+ Kb6 43. Qd4+ Kc7 44. Qxg7 Rg6 45. Qxh7 Rf6 46. g3 Kd7 47. Qh8 Ne8 48. Bf1 Rd6 49. Bh3+ Kc7 50. Qh4 Rd1+ 51. Kg2 Bxh4 52. gxh4 Kd6 53. Bg4 Rd2 54. Bf3 Nf6 55. h5 Ke5 56. h6 Rd8 57. Kg3 Rh8 58. h4 Rxh6 59. Kh3 Rg6 60. h5 Rh6 61. Kh4 Nh7 62. Kg4 Kf6 63. Be2 Ng5 64. f4 Ne4 65. Bf3 Nd2 66. Be2 Rh8 67. Bd3 Nb3 68. e4 Nc5 69. e5+ Kg7 70. Bc4 Ne6 71. f5 Nc5 72. Kg5 Rg8 73. f6+ Kh7+ 74. Kf4 Rf8 75. Bd5 Kh6 76. Kf5 Kxh5 77. Bxf7+ Rxf7 78. e6 Nxe6 79. Kxe6 Kg6 0-1